 Dungeon Sprint DCSS version 0.19.1-1-g22dce08 (webtiles) character file.

1646 Slime the Impaler (level 8, -13/70 HPs)
             Began as a Minotaur Monk on Jan 2, 2017.
             Was a High Priest of Okawaru.
             Blown up by an eye of devastation (25 damage)
             ... with a bolt of energy
             ... in the Dungeon (Sprint V: "Ziggurat Sprint").
             The game lasted 00:03:58 (472 turns).

Slime the Impaler (Minotaur Monk)                    Turns: 472, Time: 00:03:59

Health: -13/70     AC: 29    Str: 31    XL:     8   Next: 67%
Magic:  7/7        EV:  2    Int:  7    God:    Okawaru [*****.]
Gold:   0          SH: 27    Dex: 12    Spells: 0 memorised, 7 levels left

rFire  + . .     SeeInvis .     A - +8 lance "Wyrmbane" {slay drac, rPois rF+ rC+ AC+3}
rCold  + . .     Gourm    .     y - +15 Maxwell's patent armour {-Cast -Tele rElec MR+ rCorr}
rNeg   + . .     Faith    .     z - +18 shield of the Gong {rElec rN+ MR+ EV-5}
rPois  +         Spirit   .     (helmet restricted)
rElec  +         Reflect  .     (no cloak)
rCorr  +         Harm     .     (no gloves)
MR     ++...     NoTele   +     (no boots)
Stlth  .......... NoCast   +    (no amulet)
                                G - +6 ring of strength
                                F - +6 ring of strength

@: no status effects
A: retaliatory headbutt, horns 2
a: Heroism, Finesse, Renounce Religion


You were in the Dungeon.
You worshipped Okawaru.
Okawaru was extremely pleased with you.
You were not hungry.

You visited 1 branch

Inventory:

Hand Weapons
 a - a +0 spear
 A - the +8 lance "Wyrmbane" (weapon) {slay drac, rPois rF+ rC+ AC+3}
   (You found it in the Dungeon)

   It affects your AC (+3).
   It protects you from fire.
   It protects you from cold.
   It protects you from poison.
 O - a +3 quarterstaff of draining
Armour
 b - a +0 robe
 y - the +15 Maxwell's patent armour (worn) {-Cast -Tele rElec MR+ rCorr}
   (You found it in the Dungeon)

   It insulates you from electricity.
   It affects your resistance to hostile enchantments.
   It prevents spellcasting.
   It prevents most forms of teleportation.
   It protects you from acid and corrosion.
 z - the +18 shield of the Gong (worn) {rElec rN+ MR+ EV-5}
   (You found it in the Dungeon)

   It affects your evasion (-5).
   It insulates you from electricity.
   It protects you from negative energy.
   It affects your resistance to hostile enchantments.
 W - the +1 robe of Vehumet's Esteem {rElec MR+ Int+3 Dex-4}
   (You found it in the Dungeon)

   It affects your intelligence (+3).
   It affects your dexterity (-4).
   It insulates you from electricity.
   It affects your resistance to hostile enchantments.
Magical Staves
 L - an uncursed staff of conjuration
 P - an uncursed staff of cold
Rods
 T - a +4 rod of clouds (11/11)
   (You found it in the Dungeon)
Jewellery
 B - a +6 ring of dexterity
 C - a +6 ring of dexterity
 D - a +6 ring of intelligence
 E - a +6 ring of intelligence
 F - a +6 ring of strength (left hand)
 G - a +6 ring of strength (right hand)
 Q - a +2 ring of protection
 U - an uncursed ring of poison resistance
 V - an uncursed ring of resist corrosion
Wands
 H - a wand of disintegration (7/24)
 I - a wand of iceblast (5/15)
 J - a wand of lightning (5/15)
 K - a wand of acid (5/15)
Scrolls
 i - 4 scrolls of blinking
 p - 4 scrolls of amnesia
 q - 3 scrolls of recharging
 r - 7 scrolls of fog
 s - a scroll of holy word
 t - 5 scrolls of identify
 u - 5 scrolls of remove curse
 v - 2 scrolls of fear
Potions
 d - 10 potions of curing
 e - 12 potions of heal wounds
 f - 6 potions of haste
 g - 7 potions of magic
 h - 3 potions of berserk rage
 j - 2 potions of brilliance
 k - 2 potions of invisibility
 l - 4 potions of resistance
 n - 5 potions of agility
 o - 5 potions of might
Books
 M - a book of Misfortune

   Spells                             Type                      Level
   a - Confusing Touch                Hexes                        1
   b - Confuse                        Hexes                        3
   c - Gell's Gravitas                Hexes/Translocation          3
   d - Petrify                        Transmutation/Earth          4
   e - Metabolic Englaciation         Hexes/Ice                    5
   f - Yara's Violent Unravelling     Hexes/Transmutation          5
 R - a book of Party Tricks

   Spells                             Type                      Level
   a - Summon Butterflies             Summoning                    1
   b - Apportation                    Translocation                1
   c - Lesser Beckoning               Translocation                3
   d - Tukima's Dance                 Hexes                        3
   e - Alistair's Intoxication        Transmutation/Poison         5
   f - Invisibility                   Hexes                        6
Miscellaneous
 m - a disc of storms
 N - a crystal ball of energy
 S - 2 boxes of beasts
Comestibles
 c - 5 bread rations
 w - 42 fruits
 x - 4 meat rations


   Skills:
 - Level 6.1 Fighting
 + Level 20.0 Polearms
 - Level 3.2 Armour
 - Level 5.4 Dodging
 - Level 2.1 Stealth
 - Level 1.2 Shields
 + Level 0.6 Invocations


You had 7 spell levels left.
You didn't know any spells.

Dungeon Overview and Level Annotations

Branches:
Dungeon (1/1)

Altars:
Ashenzari
Cheibriados
Dithmenos
Elyvilon
Fedhas
Gozag
Hepliaklqana
Kikubaaqudgha
Makhleb
Nemelex Xobeh
Okawaru
Qazlal
Ru
Sif Muna
Trog
Uskayaw
Vehumet
Xom
Yredelemnul
Zin
The Shining One
Beogh
Jiyva
Lugonu


Innate Abilities, Weirdness & Mutations

You reflexively headbutt those who attack you in melee.
You have a pair of horns on your head.


Message History

You puncture the slime creature!
The slime creature is almost dead.
You block the slime creature's attack.
SHROANNG!
You block the ooze's attack.
GONNNNG!
The eye of devastation gazes at you. The bolt of energy hits you!
* * * LOW HITPOINT WARNING * * *
You puncture the slime creature!
You kill the slime creature!
Okawaru accepts your kill.
Your Polearms skill increases to level 20!
You block the ooze's attack.
GONNNNG!
You block the ooze's attack.
GONNNNG!
The eye of devastation gazes at you. The bolt of energy hits you!
You die...

▓.......▓
▓▓▓▓▓▓▓▓▓
▓..8©8..▓
▓..}[|..▓
▓..?)"..▓
▓.......▓
▓.......▓
▓...J...▓
▓..J@...▓
▓..G(G..▓
▓.......▓
▓▓▓▓▓▓▓▓▓


You could see 2 eyes of devastation and 2 oozes.

Vanquished Creatures
  A jumping spider (D)
  2 slime creatures (D)
  2 tarantellas (D)
  A neqoxec (D)
  A hell hound (D)
  2 orc warriors (D)
  A large abomination (D)
  A scorpion (D)
  2 crimson imps (D)
  A quasit (D)
  An orc wizard (D)
  An orc priest (D)
  3 adders (D)
  A shadow imp (D)
  A white imp (D)
  An ufetubus (D)
  2 orcs (D)
  A ball python (D)
  A fire vortex (D)
26 creatures vanquished.

Notes
Turn   | Place    | Note
-------+----------+-------------------------------------------
     0 | D        | Slime the Minotaur Monk began the quest for the Orb.
     0 | D        | Reached XP level 1. HP: 19/19 MP: 0/0
     0 | D        | Found a deep blue altar of Sif Muna.
     0 | D        | Found a bloodstained altar of Trog.
     0 | D        | Found a sacrificial altar of Ru.
     0 | D        | Found a stormy altar of Qazlal.
     0 | D        | Found an iron altar of Okawaru.
     1 | D        | Found a sparkling altar of Nemelex Xobeh.
     1 | D        | Found a blossoming altar of Fedhas.
     3 | D        | Found an ancient bone altar of Kikubaaqudgha.
     3 | D        | Found a viscous altar of Jiyva.
     3 | D        | Found a corrupted altar of Lugonu.
     3 | D        | Found a hazy altar of Hepliaklqana.
     3 | D        | Found a burning altar of Makhleb.
     3 | D        | Found an opulent altar of Gozag.
    54 | D        | Reached skill level 9 in Polearms
    54 | D        | Reached XP level 2. HP: 26/26 MP: 1/1
   116 | D        | Became a worshipper of Warmaster Okawaru
   116 | D        | Reached * piety under Okawaru
   116 | D        | Reached ** piety under Okawaru
   139 | D        | Entered arena 1.
   139 | D        | Noticed a hell hound
   152 | D        | Killed a hell hound
   152 | D        | Reached skill level 10 in Polearms
   152 | D        | Reached skill level 5 in Dodging
   152 | D        | Reached skill level 1 in Shields
   152 | D        | Reached XP level 3. HP: 37/37 MP: 2/2
   152 | D        | Reached XP level 4. HP: 44/44 MP: 3/3
   164 | D        | Entered arena 2.
   168 | D        | Reached skill level 11 in Polearms
   168 | D        | Reached XP level 5. HP: 50/50 MP: 4/4
   170 | D        | Reached skill level 12 in Polearms
   182 | D        | Entered arena 3.
   206 | D        | Entered arena 4.
   206 | D        | Noticed a jumping spider
   206 | D        | Noticed a tarantella
   206 | D        | Noticed a tarantella
   209 | D        | Killed a jumping spider
   209 | D        | Reached *** piety under Okawaru
   209 | D        | Reached skill level 15 in Polearms
   209 | D        | Reached XP level 6. HP: 57/57 MP: 5/5
   220 | D        | Killed a tarantella
   220 | D        | Reached skill level 16 in Polearms
   220 | D        | Reached XP level 7. HP: 61/63 MP: 6/6
   224 | D        | Killed a tarantella
   224 | D        | Reached **** piety under Okawaru
   224 | D        | Reached skill level 17 in Polearms
   238 | D        | Entered arena 5.
   238 | D        | Noticed a neqoxec
   260 | D        | Killed a neqoxec
   260 | D        | Reached skill level 18 in Polearms
   260 | D        | Reached XP level 8. HP: 36/70 MP: 7/7
   411 | D        | Entered arena 6.
   434 | D        | Reached skill level 19 in Polearms
   454 | D        | Got the +1 robe of Vehumet's Esteem {rElec MR+ Int+3 Dex-4}
   456 | D        | Entered arena 7.
   456 | D        | Noticed an eye of devastation
   456 | D        | Noticed an eye of devastation
   456 | D        | Noticed a slime creature
   456 | D        | Noticed a slime creature
   467 | D        | Killed a slime creature
   467 | D        | Reached ***** piety under Okawaru
   467 | D        | Received a gift from Okawaru
   472 | D        | Killed a slime creature
   472 | D        | Reached skill level 20 in Polearms
   472 | D        | Blown up by an eye of devastation

Skill      XL: |  1  2  3  4  5  6  7  8 |
---------------+-------------------------+-----
Polearms       | 9 10 11 15 16 18 20 | 20.0
Fighting       | 6 |  6.1
Dodging        | 5 |  5.4
Stealth        | 2 |  2.1
Shields        | 1 |  1.2
Armour         | 3 |  3.2
Invocations    | |  0.6

Action                   |  1- 3 |  4- 6 |  7- 9 || total
-------------------------+-------+-------+-------++-------
Melee: Lance             |    13 |    22 |    59 ||    94
       Headbutt          |     3 |     4 |    17 ||    24
Invok: Heroism           |       |       |     1 ||     1
  Use: Potion            |     1 |       |       ||     1
Armor: Plate armour      |     4 |     2 |     7 ||    13
Dodge: Dodged            |       |       |     3 ||     3
Block: Shield            |     8 |    22 |    58 ||    88
